Map: Prion Terraces

Players

Has

  • Race: Protoss Protoss

Elazer - Winner!

  • Race: Zerg Zerg

Event: DreamHack Open Tours WCS Spring Championship

VOD

https://www.youtube.com/watch?v=imUb-1P1dSg

Description

Time

  • Played on: May 15, 2016, 7:27 a.m.
  • Length: 10:58

All games in this series

Show
View Real Time Build Order
Export as new Build Order

Has Protoss 

Build Orders:  

Get SALT Encoding   

  12  0:00  Probe (Chrono Boost)  
  13  0:11  Probe (Chrono Boost)  
  14  0:22  Probe (Chrono Boost)  
  14  0:27  Pylon  
  15  0:45  Gateway  
  15  0:48  Gateway  
  15  0:57  Gateway  
  15  1:07  Gateway  
  15  1:12  Probe (Chrono Boost)  
  16  1:22  Probe (Chrono Boost)  
  17  1:26  Pylon  
  17  1:33  Assimilator  
  17  1:39  Zealot x2 (Chrono Boost)  
  22  1:43  Zealot (Chrono Boost)  
  22  1:45  Probe  
  24  1:56  Cybernetics Core  
  24  1:59  Probe  
  25  2:06  Assimilator  
  25  2:11  Probe  
  26  2:16  Pylon  
  27  2:35  Stalker (Chrono Boost)  
  30  2:38  Probe  
  30  2:40  Stalker (Chrono Boost)  
  31  2:50  Stalker (Chrono Boost)  
  33  2:53  Probe  
  34  3:04  Stalker (Chrono Boost)  
  32  3:12  Pylon  
  34  3:23  Mothership Core (Chrono Boost)  
  36  3:30  Warp Gate (Chrono Boost)  
  34  3:59  Probe  
  37  4:06  Forge, Robotics Facility  
  33  4:11  Nexus  
  33  4:17  Probe  
  34  4:29  Probe, Pylon  
  35  4:41  Probe  
  36  4:53  Probe  
  36  4:56  Observer (Chrono Boost)  
  38  5:05  Probe  
  39  5:15  Immortal (Chrono Boost)  
  39  5:17  Probe  
  44  5:22  Probe  
  44  5:24  Pylon  
  44  5:27  Pylon  
  47  5:36  Gateway  
  45  5:49  Warp Prism (Chrono Boost)  
  47  5:50  Stalker x3  
  53  6:03  Probe  
  51  6:04  Probe  
  49  6:18  Stalker x2  
  49  6:19  Stalker  
  49  6:20  Immortal (Chrono Boost)  
  59  6:35  Stalker  
  53  6:52  Probe, Adept x3  
  53  6:53  Probe  
  55  6:57  Gateway  
  55  7:00  Gateway  
  55  7:02  Gateway  
  53  7:13  Adept  
  53  7:14  Adept x3  
  57  7:27  Pylon  
  57  7:29  Pylon  
  57  7:30  Pylon  
  57  7:34  Stalker  
  57  7:35  Adept x3  
  63  7:40  Mothership Core  
  51  7:55  Pylon, Gateway  
  51  7:57  Gateway  
  51  7:58  Adept x2  
  51  7:59  Adept  
  46  8:12  Adept x4  
  54  8:21  Gateway  
  54  8:26  Probe  
  54  8:27  Probe  
  54  8:29  Assimilator x2  
  56  8:42  Cybernetics Core  
  56  8:49  Pylon  
  56  8:51  Pylon  
  56  8:52  Pylon  
  43  9:19  Sentry x2  
  42  9:32  Probe x2  
  42  9:37  Adept  
  46  9:39  Adept  
  46  9:40  Adept x2  
  46  9:42  Probe  
  46  9:44  Adept x2  
  45  10:05  Adept x3  
  45  10:06  Adept  
  50  10:13  Pylon x2  
  46  10:27  Adept x3  
  50  10:34  Adept  
  42  10:36  Adept  
  42  10:41  Adept  
  42  10:42  Adept  
  40  10:50  Adept  
Show
View Real Time Build Order
Export as new Build Order

Elazer Zerg - Winner!

Build Orders: Pool First 

Get SALT Encoding   

  12  0:00  Drone  
  13  0:10  Drone  
  14  0:17  Overlord  
  14  0:24  Extractor  
  14  0:25  Drone  
  15  0:39  Spawning Pool  
  14  0:44  Drone, Extractor  
  14  0:48  Drone  
  15  0:53  Drone  
  16  1:00  Drone  
  17  1:14  Drone  
  18  1:24  Drone  
  19  1:28  Queen, Roach Warren  
  20  1:39  Overlord  
  20  1:41  Drone  
  21  1:47  Extractor  
  20  2:09  Roach x2  
  20  2:11  Roach  
  26  2:24  Roach  
  26  2:27  Burrow  
  28  2:35  Roach  
  30  2:37  Overlord  
  30  2:50  Hatchery  
  29  3:05  Roach  
  29  3:06  Roach  
  31  3:15  Ravager  
  31  3:16  Roach  
  31  3:18  Roach  
  36  3:26  Ravager  
  37  3:29  Overlord  
  37  3:40  Roach x2  
  34  3:46  Drone x4  
  38  3:49  Drone  
  38  3:51  Roach x5  
  37  3:58  Roach x5, Drone  
  38  4:03  Drone x2  
  38  4:06  Metabolic Boost  
  38  4:09  Roach x4  
  37  4:19  Queen  
  37  4:23  Drone  
  38  4:27  Drone x2  
  38  4:29  Roach x3  
  40  4:40  Overlord  
  40  4:41  Roach x4, Drone x3  
  43  4:48  Roach x2  
  43  4:56  Hatchery  
  43  4:58  Baneling Nest  
  41  5:01  Queen  
  41  5:02  Evolution Chamber  
  41  5:04  Drone  
  41  5:05  Drone  
  44  5:08  Drone  
  44  5:11  Drone  
  44  5:12  Drone  
  47  5:15  Overlord  
  47  5:19  Pneumatized Carapace  
  41  5:24  Zergling x2  
  41  5:25  Zergling x4  
  42  5:29  Zerg Melee Weapons Level 1  
  42  5:33  Zergling x4  
  44  5:36  Zergling x4  
  44  5:40  Zergling x2  
  44  5:41  Zergling x2  
  44  5:42  Zergling x2  
  49  5:44  Zergling x2  
  49  5:47  Zergling x4  
  51  5:59  Zergling x4  
  51  6:02  Zergling x6  
  51  6:06  Lair  
  51  6:09  Zergling x8  
  55  6:13  Zergling x4  
  50  6:19  Zergling x2  
  50  6:22  Baneling x4  
  50  6:23  Queen  
  50  6:24  Zergling x2  
  53  6:26  Zergling x2  
  53  6:32  Zergling x4  
  52  6:41  Zergling x8  
  51  6:47  Zergling x2  
  51  6:48  Zergling x2  
  51  6:53  Zergling x12  
  58  6:58  Queen  
  52  7:11  Zergling x12  
  52  7:15  Queen, Zergling x2  
  56  7:16  Baneling  
  56  7:17  Queen  
  56  7:20  Zergling x2  
  61  7:23  Baneling x3  
  61  7:24  Baneling  
  61  7:26  Zergling x4  
  61  7:28  Zergling x2  
  59  7:40  Zergling x12  
  58  7:46  Zergling x2  
  58  7:48  Queen  
  60  7:51  Queen  
  60  7:53  Zergling x2  
  60  7:57  Zergling x2  
  60  7:58  Zergling x2  
  63  8:05  Zergling x6  
  65  8:16  Zergling x6  
  65  8:17  Baneling x2  
  65  8:21  Baneling x3  
  65  8:24  Zergling x10  
  70  8:27  Baneling x2  
  70  8:30  Baneling x2  
  70  8:31  Baneling  
  70  8:38  Baneling  
  70  8:39  Baneling x2  
  70  8:40  Baneling  
  70  8:46  Overlord  
  70  8:47  Zergling x2  
  70  8:48  Zergling x6  
  71  8:55  Overlord  
  71  8:57  Drone x3  
  71  8:59  Extractor  
  72  9:04  Baneling x2  
  72  9:07  Overlord  
  72  9:08  Drone x3  
  75  9:11  Extractor  
  75  9:12  Drone, Extractor, Hydralisk Den  
  75  9:13  Drone x2  
  69  9:25  Overlord  
  66  9:35  Drone x6  
  66  9:37  Queen  
  68  9:52  Zergling x12  
  70  9:53  Hatchery  
  70  9:59  Zergling x6  
  67  10:01  Queen  
  66  10:11  Baneling x2  
  66  10:12  Baneling x4  
  66  10:14  Zergling x8  
  65  10:17  Zergling x2  
  65  10:18  Zergling x2  
  65  10:20  Zergling x4  
  67  10:27  Zergling x6  
  67  10:33  Zergling x4  
  64  10:35  Zergling x2  

Tags
 
Add a new tag
Caveats
  • Supply blocks, unpowered buildings, or Contaminate may cause inaccurate times.
  • Supply counts are checked every 10 seconds.